 Dungeon Crawl Stone Soup version 0.30.0-15-g856e2d3f33 (webtiles) character file.

Game seed: 3865808581105004706

340 cdecastro the Cleaver (level 6, 0/51 HPs)
             Began as a Minotaur Fighter on May 19, 2023.
             Slain by Ijyb
             ... wielding a +0 dagger
              (3 damage)
             ... on level 3 of the Dungeon.
             The game lasted 00:04:36 (2617 turns).

cdecastro the Cleaver (Minotaur Fighter)            Turns: 2617, Time: 00:04:37

Health: 0/51       AC: 11    Str: 23    XL:     6   Next: 30%
Magic:  5/5        EV:  6    Int:  5    God:
Gold:   185        SH:  0    Dex:  9    Spells: 5/5 levels left

rFire   . . .        a - +0 war axe
rCold   . . .        (no shield)
rNeg    . . .        u - +0 plate armour
rPois   .            (helmet restricted)
rElec   .            (no cloak)
rCorr   .            (no gloves)
SInv    .            (no boots)
Will    .....        (no amulet) Stlth
                     c - ring of flight
HPRegen 0.28/turn    (no ring)
MPRegen 0.09/turn

%: no passive effects
@: flying
A: horns 2, retaliatory headbutt
a: no special abilities


You were on level 3 of the Dungeon.
You visited 1 branch of the dungeon, and saw 3 of its levels.

You collected 185 gold pieces.

Inventory:

Hand Weapons
 a - a +0 war axe (weapon)
 k - a +1 whip of venom
Missiles
 j - 6 silver javelins (quivered)
 q - 2 poisoned darts
 t - 6 boomerangs
Armour
 u - a +0 plate armour (worn)
Jewellery
 c - a ring of flight (left hand)
Scrolls
 f - 2 scrolls of teleportation {unknown}
 g - 3 scrolls of blinking {unknown}
 h - 3 scrolls of identify {unknown}
 i - a scroll of fog {unknown}
 l - a scroll of enchant armour {unknown}
 m - a scroll of vulnerability {unknown}
 p - a scroll of poison {unknown}
Potions
 d - 2 potions of might
 e - a potion of degeneration {unknown}
 n - 2 potions of attraction {unknown}
 o - a potion of heal wounds {unknown}
 r - a potion of ambrosia {unknown}
 s - 2 potions of lignification {unknown}


   Skills:
 - Level 3.6 Fighting
 + Level 8.1 Axes
 - Level 3.6 Armour
 - Level 3.6 Shields


You had 5 spell levels left.
You didn't know any spells.
Your spell library contained the following spells:

 Spells                   Type           Power      Damage    Failure   Level
 Magic Dart               Conj           0%         1d3       100%        1
 Searing Ray              Conj           0%         2d4       100%        2
 Fulminant Prism          Conj/Hex       0%         3d5       100%        4
 Petrify                  Tmut/Erth      0%         N/A       100%        4
 Metabolic Englaciation   Hex/Ice        0%         N/A       100%        5
 Statue Form              Tmut/Erth      0%         N/A       100%        6


Dungeon Overview and Level Annotations

Branches:
Dungeon (3/15)

Altars:

Shops:
D:1 [

Annotations:
D:3 Ijyb


Innate Abilities, Weirdness & Mutations

You have a pair of horns on your head.
You reflexively headbutt those who attack you in melee.


Message History

You hit Ijyb. Your headbutt misses Ijyb.
Ijyb is moderately wounded.
Ijyb hits you but does no damage.
You barely miss Ijyb. Your headbutt misses Ijyb.
Ijyb is moderately wounded.
Ijyb screams, "Die!"
Ijyb barely misses you.
You closely miss Ijyb. Your headbutt misses Ijyb.
Ijyb is moderately wounded.
Ijyb hits you with a +0 dagger.
* * * LOW HITPOINT WARNING * * *
You hit Ijyb but do no damage.
Ijyb is moderately wounded.
Ijyb hits you but does no damage.
You closely miss Ijyb. Your headbutt misses Ijyb.
Ijyb is moderately wounded.
Ijyb hits you with a +0 dagger.
* * * LOW HITPOINT WARNING * * *
You closely miss Ijyb. You headbutt Ijyb, but do no damage.
Ijyb is moderately wounded.
Ijyb hits you but does no damage.
You slash Ijyb!
Ijyb is heavily wounded.
Ijyb hits you with a +0 dagger.
* * * LOW HITPOINT WARNING * * *
You closely miss Ijyb.
Ijyb is heavily wounded.
Ijyb zaps a wand.
Your mind is blasted!
* * * LOW HITPOINT WARNING * * *
You barely miss Ijyb.
Ijyb is heavily wounded.
Ijyb zaps a wand.
Your mind is blasted!
* * * LOW HITPOINT WARNING * * *
You barely miss Ijyb. You headbutt Ijyb. You punch Ijyb, but do no damage.
Ijyb is severely wounded.
Ijyb hits you but does no damage.
You barely miss Ijyb.
Ijyb is severely wounded.
Ijyb barely misses you. Ijyb hits you with a +0 dagger.
You die...

#...........
+..........
......... .......
..... .S. #g# #@#
##.#### #.....#
.##...#.#
.........#
#.##...#.########
# #.............
#..##.########
#..##.#


You could see Ijyb and an adder.

Vanquished Creatures
  Sigmund (D:2)
  A jelly (D:3)
  Jessica (D:3)
  Terence (D:2)
  An adder (D:3)
  2 worms (D:2)
  3 dart slugs
  9 ball pythons
  9 bats
  7 endoplasms
  2 giant cockroaches (D:2)
  11 goblins
  6 hobgoblins
  2 quokkas
  3 frilled lizards
  9 kobolds
  6 rats
74 creatures vanquished.

Notes
Turn   | Place    | Note
-------+----------+-------------------------------------------
     0 | D:1      | cdecastro the Minotaur Fighter began the quest for the Orb.
     0 | D:1      | Reached XP level 1. HP: 19/19 MP: 0/0
    69 | D:1      | Found a large runed translucent door.
    69 | D:1      | Found a large runed translucent door.
    88 | D:1      | Reached skill level 3 in Axes
   130 | D:1      | Found a faded altar of an unknown god.
   142 | D:1      | Reached XP level 2. HP: 18/26 MP: 1/1
   450 | D:1      | Found Zasket's Armour Boutique.
   459 | D:1      | Reached skill level 4 in Axes
  1031 | D:1      | Reached XP level 3. HP: 25/31 MP: 2/2
  1226 | D:2      | Reached skill level 5 in Axes
  1658 | D:2      | Reached XP level 4. HP: 39/39 MP: 3/3
  1776 | D:2      | Noticed Sigmund
  1795 | D:2      | Killed Sigmund
  1796 | D:2      | Reached skill level 7 in Axes
  1796 | D:2      | Reached XP level 5. HP: 18/45 MP: 4/4
  1934 | D:2      | Noticed Terence
  1942 | D:2      | Killed Terence
  2233 | D:3      | Reached XP level 6. HP: 51/51 MP: 5/5
  2251 | D:3      | Noticed Jessica
  2255 | D:3      | Killed Jessica
  2267 | D:3      | Reached skill level 8 in Axes
  2595 | D:3      | Noticed Ijyb
  2615 | D:3      | HP: 2/51 [disintegration (17)]
  2617 | D:3      | Slain by Ijyb

Illustrated notes

Levels and vault maps discovered:
D:1:      erik_arrival_cave_to_civilisation [erik_arrival_cave_to_temple],
          layout_basic, hellmonk_ecumenical_altar_arch_garden, serial_shops,
          nicolae_shop_just_a_little_nook, amcnicky_mini_corridor_feature
D:2:      layout_basic, minmay_misc_feat_alley, uniq_terence, uniq_sigmund
D:3:      layout_loops_corners, beargit_hepliaklqana_dungeon_heroes,
          hangedman_decor_growths, minmay_pentomino_pile, uniq_ijyb,
          uniq_jessica

Skill      XL: |  1  2  3  4  5  6 |
---------------+-------------------+-----
Axes           | 3 4 5 7 8 |  8.1
Fighting       | |  3.6
Armour         | |  3.6
Shields        | |  3.6

Action                     |  1- 3 |  4- 6 || total
---------------------------+-------+-------++-------
  Melee: War axe           |    79 |    61 ||   140
         Headbutt          |    13 |    11 ||    24
         Punch             |       |     1 ||     1
 Armour: Scale mail        |    40 |    13 ||    53
         Plate armour      |       |    12 ||    12
  Dodge: Dodged            |    51 |    18 ||    69
